 Dungeon Crawl Stone Soup version 0.21.1-1-g345015f (webtiles) character file.

53 inc the Scratcher (level 3, -1/17 HPs)
             Began as a Felid Monk on Mar 14, 2018.
             Shot with an arrow by a centaur (12 damage)
             ... on level 2 of the Dungeon.
             The game lasted 00:01:11 (944 turns).

inc the Scratcher (Felid Monk)                       Turns: 944, Time: 00:01:12

Health: -1/17      AC:  1    Str:  7    XL:     3   Next: 62%
Magic:  4/4        EV: 20    Int: 11    God:
Gold:   71         SH:  0    Dex: 19    Spells: 2/2 levels left
                                        Lives:  0   Deaths: 0

rFire    . . .     SeeInvis +     - Unarmed
rCold    . . .     Gourm    .   (shield unavailable)
rNeg     . . .     Faith    .   (armour unavailable)
rPois    .         Spirit   .   (helmet unavailable)
rElec    .         Reflect  .   (cloak unavailable)
rCorr    .         Harm     .   (gloves unavailable)
MR       .....                  (boots unavailable)
Stlth    +++.......             (no amulet)
HPRegen  0.05/turn              (no ring)
MPRegen  0.09/turn              (no ring)

@: quick
A: very small, no armour, no weapons or thrown items, stealth, claws 1, fangs 3,
see invisible, carnivore, speed 1, shaggy fur 1, slow metabolism 1, sharp paws
a: no special abilities


You were on level 2 of the Dungeon.
You were not hungry.

You visited 1 branch of the dungeon, and saw 2 of its levels.

You collected 71 gold pieces.

Inventory:

Scrolls
 b - a scroll of blinking {unknown}
 c - a scroll of magic mapping {unknown}
 d - a scroll of teleportation {unknown}
 e - a scroll of remove curse {unknown}
 g - a scroll of noise {unknown}
 h - a scroll of enchant armour {unknown}
Potions
 f - a potion of heal wounds {unknown}
 i - a potion of curing {unknown}
 j - a potion of invisibility {unknown}
Comestibles
 a - 3 rations


   Skills:
 - Level 3.0 Fighting
 - Level 4.0 Dodging
 - Level 2.6 Stealth
 + Level 4.7 Unarmed Combat


You had 2 spell levels left.
You didn't know any spells.

Dungeon Overview and Level Annotations

Branches:
Dungeon (2/15)

Altars:
Elyvilon


Innate Abilities, Weirdness & Mutations

You cannot wear armour.
You are incapable of wielding weapons or throwing items.
Your paws allow you to move quietly. (Stealth)
You have sharp claws.
You have razor-sharp teeth.
You have supernaturally acute eyesight. (SInv)
You are carnivorous and can eat meat at any time.
You cover ground quickly.
You are covered in fur. (AC +1)
You have a slow metabolism.
Your sharp claws are effective at attacking unaware monsters.


Message History

You see here an arrow.
You closely miss the bat. The bat closely misses you. The bat misses you.
The bat completely misses you.
The centaur shoots an arrow.
The arrow misses you.
You completely miss the rat.
The bat hits you. x2; The kobold misses you.
You barely miss the kobold. The bat barely misses you.
The bat hits you but does no damage. The rat misses you.
The centaur shoots an arrow.
The arrow barely misses you.
You scratch the rat.
You kill the rat!
The bat completely misses you. The kobold completely misses you.
The rat bites you.
The centaur shoots an arrow.
The arrow misses you.
You closely miss the kobold. The bat barely misses you.
The kobold completely misses you. The rat completely misses you.
The bat completely misses you. x2
You scratch the bat.
You kill the bat!
The bat completely misses you.
The centaur shoots an arrow.
The arrow hits you!
Ouch! That really hurt!
You die...

.#.# ####.#. ## ......
# #P. ##....#.#
#P.P##.....#.#
.......c.....#
......r.K..# #@b.#
##.## #(# ######.#
#......# #....### #####
#.###.############...##
# #..<...........#.#.
##############.....


You could see a centaur, a bat, a kobold and a rat.

Vanquished Creatures
  2 adders (D:2)
  A worm (D:2)
  A dart slug (D:1)
  A giant cockroach (D:1)
  4 goblins
  A hobgoblin (D:1)
  2 jackals (D:2)
  A ball python (D:2)
  6 bats
  2 frilled lizards (D:1)
  5 kobolds
  5 rats
31 creatures vanquished.

Notes
Turn   | Place    | Note
-------+----------+-------------------------------------------
     0 | D:1      | inc the Felid Monk began the quest for the Orb.
     0 | D:1      | Reached XP level 1. HP: 10/10 MP: 2/2
   371 | D:1      | Reached XP level 2. HP: 14/14 MP: 3/3
   757 | D:2      | Reached XP level 3. HP: 17/17 MP: 4/4
   853 | D:2      | Found a white marble altar of Elyvilon.
   935 | D:2      | Noticed a centaur
   944 | D:2      | Shot with an arrow by a centaur

Skill      XL: |  1  2 |
---------------+-------+-----
Unarmed Combat | 4 |  4.7
Fighting       | |  3.0
Dodging        | |  4.0
Stealth        | |  2.6

Action                   || total
-------------------------++-------
Melee: Unarmed           ||    59
       Bite              ||     3
 Stab: Sleeping          ||     7
       Distracted        ||     1
Armor: Skin              ||     1
Dodge: Dodged            ||    63
